 Seeded DCSS version 0.30-a0-1163-gf69bf04e7a (webtiles) character file.

Game seed: 8592978231815086369 (custom seed)

49 voltaire321 the Sneak (level 4, -1/25 HPs)
             Began as a Kobold Enchanter on Apr 28, 2023.
             Slain by a gnoll
             ... wielding a +0 spear
              (4 damage)
             ... on level 2 of the Dungeon.
             The game lasted 00:04:16 (849 turns).

voltaire321 the Sneak (Kobold Enchanter)             Turns: 849, Time: 00:04:17

Health: -1/25      AC:  3    Str:  7    XL:     4   Next: 1%
Magic:  7/7        EV: 14    Int: 16    God:
Gold:   63         SH:  0    Dex: 15    Spells: 5/7 levels left

rFire   . . .        d - +2 short sword (vamp)
rCold   . . .        (no shield)
rNeg    . . .        h - +0 leather armour
rPois   .            (no helmet)
rElec   .            (no cloak)
rCorr   .            (no gloves)
SInv    +            (no boots)
Will    .....        (no amulet)
Stlth   ++++         f - ring of see invisible
HPRegen 0.24/turn    (no ring)
MPRegen 0.10/turn

%: no passive effects
@: no status effects
A: small, no large weapons, nightstalker 3
a: no special abilities


You were on level 2 of the Dungeon.
You visited 1 branch of the dungeon, and saw 2 of its levels.

You collected 63 gold pieces.

Inventory:

Hand Weapons
 a - a +1 dagger
 d - a +2 vampiric short sword (weapon)
Armour
 h - a +0 leather armour (worn)
Jewellery
 f - a ring of see invisible (left hand)
Scrolls
 b - a scroll of enchant armour {unknown}
 e - a scroll of enchant weapon {unknown}
 l - a scroll of poison {unknown}
Potions
 c - a potion of invisibility
 g - a potion of magic {unknown}
 i - a potion of haste {unknown}
 j - a potion of degeneration {unknown}
 k - a potion of mutation {unknown}


   Skills:
 + Level 1.0 Fighting
 + Level 1.9 Short Blades
 + Level 0.4 Armour
 + Level 2.8 Dodging
 * Level 4.7 Stealth
 + Level 2.4 Spellcasting
 + Level 3.1 Hexes
 + Level 0.4 Ice Magic


You had 5 spell levels left.
You knew the following spells:

 Your Spells              Type           Power      Damage    Failure   Level
a - Ensorcelled Hibernat  Hex/Ice        14%        N/A       21%         2

Your spell library contained the following spells:

 Spells                   Type           Power      Damage    Failure   Level
 Confusing Touch          Hex            12%        N/A       24%         3
 Tukima's Dance           Hex            12%        N/A       24%         3
 Dazzling Flash           Conj/Hex       14%        N/A       41%         3
 Vhi's Electric Charge    Tloc/Air       2%         N/A       65%         3
 Arcjolt                  Conj/Air       0%         1d10      100%        5
 Maxwell's Capacitive Co  Air            0%         ∞         100%        8


Dungeon Overview and Level Annotations

Branches:
Dungeon (2/15)

Altars:


Innate Abilities, Weirdness & Mutations

You are small and have problems with some larger weapons.
You are completely attuned to the shadows.


Message History

You puncture the gnoll!
The gnoll is almost dead.
The gnoll barely misses you.
You hit the gnoll.
The gnoll is almost dead.
The gnoll misses you.
You hit the gnoll.
You kill the gnoll!
The gnoll shouts!
You hear a shout!
A gnoll comes into view. It is wielding a +0 spear.
You closely miss the gnoll. The gnoll closely misses you.
You hit the gnoll.
The gnoll is heavily wounded.
The gnoll misses you.
You barely miss the gnoll.
The gnoll is heavily wounded.
The gnoll hits you with a +0 flail!
A gnoll comes into view. It is wielding a +0 flail.
You hit the gnoll.
You feel better.
The gnoll is almost dead.
The gnoll barely misses you.
You barely miss the gnoll.
The gnoll is almost dead.
The gnoll misses you.
The gnoll shouts!
You hit the gnoll.
You kill the gnoll!
Your Fighting skill increases to level 1!
You have reached level 4!
Found a scroll labelled BIELEORYIPT.
The gnoll attacks as you move away! The gnoll hits you with a +0 flail!
You see here a scroll labelled BIELEORYIPT.
You barely miss the gnoll. The gnoll misses you.
The gnoll hits you from afar with a +0 spear.
The gnoll hits you with a +0 flail.
* * * LOW HITPOINT WARNING * * *
You hit the gnoll.
The gnoll is moderately wounded.
The gnoll hits you from afar with a +0 spear.
You die...

#.....###..............
###)#..###[....##..#..#
#.#....#..##.###..#..
#...##....##.# ##....
###..###....... ####.
...#.# #...##..# #.
....g###..... ##.
.....g?..#### .###..
##...@...# #.....#..
#........####.###.#..
###......>..#........
##.................
............†....#
....###.###.....
.........# #...##
.......### ##....
.....## .....


You could see 2 gnolls.

Vanquished Creatures
  2 gnolls (D:2)
  A worm (D:2)
  2 dart slugs
  3 endoplasms
  A goblin (D:2)
  2 hobgoblins
  2 jackals (D:2)
  2 ball pythons (D:1)
  2 bats (D:1)
  4 kobolds
  4 rats
25 creatures vanquished.

Notes
Turn   | Place    | Note
-------+----------+-------------------------------------------
     0 | D:1      | voltaire321 the Kobold Enchanter began the quest for the
                  | Orb.
     0 | D:1      | Reached XP level 1. HP: 10/10 MP: 3/3
   182 | D:1      | Found a faded altar of an unknown god.
   269 | D:1      | Reached XP level 2. HP: 15/15 MP: 5/5
   272 | D:1      | Learned a level 2 spell: Ensorcelled Hibernation
   686 | D:2      | Reached XP level 3. HP: 15/20 MP: 6/6
   840 | D:2      | Reached skill level 1 in Fighting
   840 | D:2      | Reached XP level 4. HP: 21/25 MP: 7/7
   849 | D:2      | Slain by a gnoll

Illustrated notes

Levels and vault maps discovered:
D:1:      ncdulo_smallfort, layout_rooms, chequers_ecumenical_altar_island
D:2:      layout_rooms, basic_altar, uniq_crazy_yiuf_cottage

Skill      XL: |  1  2  3 |
---------------+----------+-----
Fighting       | 1 |  1.0
Short Blades   | |  1.9
Armour         | |  0.4
Dodging        | |  2.8
Stealth        | |  4.7
Spellcasting   | |  2.4
Hexes          | |  3.1
Ice Magic      | |  0.4

Action                     |  1- 3 |  4- 6 || total
---------------------------+-------+-------++-------
  Melee: Dagger            |    13 |       ||    13
         Short sword       |    44 |     2 ||    46
    Use: Potion            |     1 |       ||     1
   Stab: Sleeping          |    14 |       ||    14
 Armour: Robe              |     1 |       ||     1
         Leather armour    |     2 |       ||     2
  Dodge: Dodged            |    39 |     1 ||    40

Table legend: (Time is in decaauts)
 A = Elapsed time spent in this place.
 B = Non-inter-level travel time spent in this place.
 C = Inter-level travel time spent in this place.
 D = Time resting spent in this place.
 E = Time spent auto-exploring this place.
 F = Levels seen in this place.
 G = Mean time per level.
                   A        B        C        D        E       F      G
               +--------+--------+--------+--------+--------+-----+--------+
         Total |    845 |    822 |     23 |     72 |    525 |   2 |  422.5 |
       Dungeon |    845 |    822 |     23 |     72 |    525 |   2 |  422.5 |
               +--------+--------+--------+--------+--------+-----+--------+

Top non-repeatable levels by time:
     D:1: 607 daAuts
     D:2: 237 daAuts
